 Dungeon Crawl Stone Soup version 0.23.2-40-g277498a001 (webtiles) character file.

Game seed: 13814257319669585709

2022 Folks the Chiller (level 9, -6/59 HPs)
             Began as a Human Ice Elementalist on Aug 23, 2019.
             Was a Follower of Ashenzari.
             Killed themself with a badly aimed iceblast (13 damage)
             ... on level 8 of the Dungeon.
             The game lasted 00:36:55 (9993 turns).

Folks the Chiller (Human Ice Elementalist)          Turns: 9993, Time: 00:36:56

Health: -6/59      AC:  3    Str:  8    XL:     9   Next: 47%
Magic:  0/16       EV: 14    Int: 19    God:    Ashenzari [*.....]
Gold:   227        SH:  0    Dex: 14    Spells: 4/18 levels left

rFire    + . .     SeeInvis .   k - +1 dagger (vamp)
rCold    . . .     Gourm    .   (no shield)
rNeg     . . .     Faith    +   a - +0 robe
rPois    .         Spirit   .   (no helmet)
rElec    .         Reflect  .   (no cloak)
rCorr    .         Harm     .   u - +0 pair of gloves
MR       .....                  (no boots)
Stlth    ++........             m - amulet of faith (curse)
HPRegen  0.19/turn              s - ring of protection from fire (curse)
MPRegen  0.15/turn              l - ring of wizardry (curse)

@: lethally poisoned (-6 -> -7), berserk cooldown
A: no striking features
a: Curse Item, Scrying, Renounce Religion


You were on level 8 of the Dungeon.
You worshipped Ashenzari.
Ashenzari was aware of your devotion.
You were hungry.

You visited 2 branches of the dungeon, and saw 9 of its levels.

You collected 227 gold pieces.

Inventory:

Hand Weapons
 j - a +0 dagger
 k - a +1 vampiric dagger (weapon)
Armour
 a - a +0 robe (worn)
 u - a +0 pair of gloves (worn)
Jewellery
 d - an uncursed ring of resist corrosion
 e - an uncursed ring of fire
 l - a cursed ring of wizardry (right hand)
 m - a cursed amulet of faith (around neck)
 o - a +2 amulet of reflection
 p - an uncursed ring of protection from cold
 s - a cursed ring of protection from fire (left hand)
 w - an uncursed amulet of rage
Wands
 y - a wand of iceblast (12)
Scrolls
 f - 2 scrolls of noise {unknown}
 g - a scroll of enchant weapon {unknown}
 h - 5 scrolls of identify
 i - a scroll of magic mapping
 q - a scroll of enchant armour {unknown}
 B - a scroll of blinking
 E - a scroll of fog {unknown}
 F - a scroll of remove curse
Potions
 n - 2 potions of flight
 t - a potion of ambrosia {unknown}
 v - 4 potions of curing {unknown}
 x - a potion of might {unknown}
 z - a potion of resistance {unknown}
 A - 2 potions of degeneration {unknown}
 D - 2 potions of lignification {unknown}
Comestibles
 c - 6 rations
 G - 2 chunks of flesh


   Skills:
 - Level 1.3 Fighting
 - Level 4.2 Dodging
 - Level 2.0 Stealth
 - Level 5.1 Spellcasting
 + Level 5.2 Conjurations
 + Level 1.0 Charms
 - Level 4.1 Summonings
 * Level 7.3 Ice Magic


You had 4 spell levels left.
You knew the following spells:

 Your Spells              Type           Power        Failure   Level  Hunger
a - Freeze                Ice            ####         1%          1    None
b - Throw Frost           Conj/Ice       ####..       1%          2    #......
c - Ozocubu's Armour      Chrm/Ice       ###.....     2%          3    ##.....
d - Summon Ice Beast      Ice/Summ       ####....     4%          4    ####...
e - Throw Icicle          Conj/Ice       ####....     3%          4    ####...

Your spell library contained the following spells:

 Spells                   Type           Power        Failure   Level  Hunger
 Summon Small Mammal      Summ           ###.         1%          1    None
 Animate Skeleton         Necr           N/A          4%          1    None
 Apportation              Tloc           #.....       4%          1    None
 Confusing Touch          Hex            #.....       4%          1    None


Dungeon Overview and Level Annotations

Branches:
Dungeon (8/15)             Temple (1/1) D:7
   Lair: D:8-11

Altars:
Ashenzari
Cheibriados
Dithmenos
Elyvilon
Gozag
Kikubaaqudgha
Makhleb
Nemelex Xobeh
Okawaru
Qazlal
Ru
Sif Muna
Trog
Uskayaw
Vehumet
Wu Jian
Xom
Yredelemnul
Zin
The Shining One

Annotations:
D:8 Erica


Message History

Erica is severely wounded.
You feel sick.
You closely miss Erica.
Erica is severely wounded.
Erica hits you but does no damage.
You hit Erica but do no damage.
Erica is severely wounded.
Erica hits you with a +2 scimitar of flaming!
* * * LOW HITPOINT WARNING * * *
Erica burns you.
* * * LOW HITPOINT WARNING * * *
Evoke which item? (* to show all) (? for menu, Esc to quit)
Aiming: Iceblast
Press: ? - help, Shift-Dir - straight line, f/p - Erica
Aim: Erica, wielding a +2 scimitar of flaming and wearing a +2 robe of resistance (severely wounded) That beam is likely to hit you.
Continue anyway?
The mass of ice explodes!
The iceblast engulfs Erica!
Erica partially resists.
Erica is almost dead.
The iceblast engulfs you!
You die...

..########
.........#
########.#
#.# #.#
#.# #.#
########.#
#@@......#
##########


You could see Erica.

Vanquished Creatures
  Grinder (D:5)
  An orc warrior (D:7)
  A phantom (D:5)
  3 ogres
  A gnoll sergeant (D:6)
  2 scorpions
  4 killer bees (D:7)
  2 crimson imps
  A centaur zombie (D:6)
  An orc wizard (D:7)
  A hound (D:6)
  3 iguanas
  A worker ant (D:4)
  Robin (D:3)
  A gnoll (D:6)
  5 adders
  An adder skeleton (D:3)
  2 worms
  A dart slug (D:1)
  3 leopard geckos
  An orc (D:7)
  2 giant cockroaches (D:1)
  7 hobgoblins
  6 jackals
  10 kobolds
  4 quokkas
  A ball python (D:1)
  A ball python zombie (D:3)
  8 bats
  A frilled lizard (D:2)
  17 goblins
  8 rats
102 creatures vanquished.

Vanquished Creatures (collateral kills)
  Eustachio (D:5)
  2 ice beasts
  2 orc warriors
  2 sky beasts
  A necrophage (D:7)
  2 centaurs (D:7)
  A bullfrog (D:6)
  2 killer bees (D:7)
  2 crimson imps
  4 orc priests
  2 jellies
  A bullfrog skeleton (D:5)
  Ijyb (D:5)
  A worker ant (D:5)
  A worker ant zombie (D:6)
  3 gnolls
  A howler monkey zombie (D:6)
  4 orcs
  3 giant cockroaches
36 creatures vanquished.

Grand Total: 138 creatures vanquished

Notes
Turn   | Place    | Note
-------+----------+-------------------------------------------
     0 | D:1      | Folks the Human Ice Elementalist began the quest for the
                  | Orb.
     0 | D:1      | Reached XP level 1. HP: 13/13 MP: 3/3
   221 | D:1      | Reached XP level 2. HP: 13/20 MP: 1/5
   330 | D:1      | Learned a level 2 spell: Throw Frost
   420 | D:1      | Reached skill level 1 in Fighting
   420 | D:1      | Reached XP level 3. HP: 15/26 MP: 2/6
  1269 | D:2      | Learned a level 3 spell: Ozocubu's Armour
  1364 | D:2      | Reached XP level 4. HP: 30/32 MP: 5/8
  1892 | D:2      | Found a sacrificial altar of Ru.
  2189 | D:3      | Noticed Robin
  2208 | D:3      | Killed Robin
  2699 | D:3      | Reached XP level 5. HP: 9/37 MP: 2/10
  2745 | D:3      | Learned a level 4 spell: Summon Ice Beast
  3083 | D:3      | You fall through a shaft for 3 floors!
  3086 | D:5      | Entered Level 5 of the Dungeon
  3087 | D:5      | Found an iron altar of Okawaru.
  3088 | D:5      | Noticed a sky beast
  3105 | D:5      | Killed a sky beast
  3105 | D:5      | Reached skill level 1 in Summonings
  3105 | D:5      | Reached skill level 4 in Ice Magic
  3213 | D:4      | Noticed an ogre
  3261 | D:4      | Killed an ogre
  3261 | D:4      | Reached XP level 6. HP: 43/43 MP: 3/11
  3361 | D:4      | Found a shattered altar of Ashenzari.
  3371 | D:4      | Became a worshipper of Ashenzari the Shackled
  3961 | D:3      | Found a faded altar of an unknown god.
  4794 | D:5      | Noticed an ogre
  4815 | D:5      | Killed an ogre
  4815 | D:5      | Reached XP level 7. HP: 15/48 MP: 0/12
  5319 | D:5      | Reached skill level 5 in Ice Magic
  5516 | D:5      | Noticed Grinder
  5933 | D:5      | Killed Grinder
  6036 | D:5      | Noticed Eustachio
  6047 | D:5      | Killed Eustachio
  6287 | D:5      | Noticed Ijyb
  6299 | D:5      | Killed Ijyb
  6299 | D:5      | Reached XP level 8. HP: 54/54 MP: 2/14
  6519 | D:6      | Learned a level 4 spell: Throw Icicle
  6539 | D:6      | Found a bloodstained altar of Trog.
  6642 | D:6      | Found a burning altar of Makhleb.
  6642 | D:6      | Found a stormy altar of Qazlal.
  6642 | D:6      | Found a shadowy altar of Dithmenos.
  6932 | D:6      | Reached * piety under Ashenzari
  6976 | D:6      | Reached skill level 5 in Spellcasting
  7975 | D:7      | Found a staircase to the Ecumenical Temple.
  7984 | Temple   | Entered the Ecumenical Temple
  8204 | D:7      | Reached XP level 9. HP: 59/59 MP: 4/16
  8227 | D:7      | Reached skill level 6 in Ice Magic
  8892 | D:7      | Found a glowing golden altar of the Shining One.
  9041 | D:7      | Reached skill level 5 in Conjurations
  9154 | D:6      | Reached skill level 7 in Ice Magic
  9883 | D:7      | Reached skill level 1 in Charms
  9937 | D:8      | Noticed Erica
  9993 | D:8      | Killed themself with a badly aimed iceblast

Skill      XL: |  1  2  3  4  5  6  7  8  9 |
---------------+----------------------------+-----
Fighting       | 1 |  1.3
Spellcasting   | 3 4 5 |  5.1
Summonings     | 2 3 4 |  4.1
Ice Magic      | 4 5 7 |  7.3
Conjurations   | 2 4 5 |  5.2
Dodging        | 4 |  4.2
Charms         | 1 |  1.0
Stealth        | |  2.0

Action                   |  1- 3 |  4- 6 |  7- 9 || total
-------------------------+-------+-------+-------++-------
Melee: Unarmed           |    51 |       |       ||    51
       Dagger            |    19 |   131 |   117 ||   267
 Cast: Freeze            |    33 |    43 |    41 ||   117
       Throw Frost       |     5 |    16 |    32 ||    53
       Ozocubu's Armour  |       |     6 |     9 ||    15
       Summon Ice Beast  |       |     6 |    46 ||    52
       Throw Icicle      |       |       |    18 ||    18
Invok: Curse Item        |       |     2 |     1 ||     3
Evoke: Wand              |       |       |     1 ||     1
  Use: Potion            |     1 |     3 |     6 ||    10
       Scroll            |     2 |     3 |     5 ||    10
 Stab: Sleeping          |     6 |     2 |     3 ||    11
       Distracted        |       |       |     2 ||     2
  Eat: Ration            |     2 |       |     5 ||     7
       Chunk             |       |    14 |    11 ||    25
Armor: Robe              |    18 |    28 |    39 ||    85
Dodge: Dodged            |    52 |    96 |   131 ||   279
Block: Other             |       |     7 |       ||     7
